 Dungeon Crawl Stone Soup version 0.31-a0-691-g409c26aa35 (webtiles) character file.

Game seed: 4223828797194524213

3397 iamoutofideas the Cleaver (level 10, -2/80 HPs)
             Began as a Hill Orc Berserker on Sept 7, 2023.
             Was an Elder of Trog.
             Slain by Erica
             ... wielding a +4 scimitar of flaming
              (16 damage)
             ... on level 8 of the Dungeon.
             The game lasted 00:08:29 (6541 turns).

iamoutofideas the Cleaver (Hill Orc Berserker)      Turns: 6541, Time: 00:08:29

Health: -2/80      AC: 11    Str: 24    XL:     10   Next: 4%
Magic:  10/10      EV: 12    Int:  6    God:    Trog [****..]
Gold:   259        SH:  0    Dex: 14    Spells: 9/9 levels left

rFire   + . .        w - +3 hand axe
rCold   . . .        (no shield)
rNeg    . . .        i - +2 ring mail {rPois}
rPois   +            n - +0 helmet
rElec   .            m - +0 cloak
rCorr   .            (no gloves)
SInv    .            (no boots)
Will    .....        (no amulet)
Stlth   +            b - ring of protection from fire
HPRegen 0.33/turn    (no ring)
MPRegen 0.12/turn

%: no passive effects
@: lethally poisoned (-2 -> -9), on berserk cooldown, slowed, very slow
A: agile 1, frail 1
a: Renounce Religion, Berserk, Trog's Hand, Brothers in Arms


You were on level 8 of the Dungeon.
You worshipped Trog.
Trog was greatly pleased with you.
You visited 1 branch of the dungeon, and saw 7 of its levels.
You also visited: Ossuary.

You collected 349 gold pieces.
You spent 90 gold pieces at shops.

Inventory:

Hand Weapons
 w - a +3 hand axe (weapon)
Missiles
 v - a throwing net
Armour
 i - a +2 ring mail of poison resistance (worn)
 m - a +0 cloak (worn)
 n - a +0 helmet (worn)
Jewellery
 b - a ring of protection from fire (left hand)
 l - a ring of magical power
Wands
 p - a wand of charming (10)
Scrolls
 c - a scroll of brand weapon
 d - 6 scrolls of identify
 e - a scroll of immolation
 k - 5 scrolls of teleportation
 r - 2 scrolls of revelation
 t - a scroll of acquirement {unknown}
 u - a scroll of noise {unknown}
Potions
 f - a potion of haste
 g - 5 potions of degeneration
 h - a potion of berserk rage {unknown}
 j - a potion of resistance
 o - a potion of ambrosia
 q - 2 potions of lignification
 s - a potion of heal wounds {unknown}


   Skills:
 + Level 8.3 Fighting
 + Level 12.6 Axes
 + Level 7.7 Armour
 + Level 3.7 Dodging
 + Level 1.6 Stealth


You had 9 spell levels left.
You didn't know any spells.
Your spell library contained the following spells:

 Spells                   Type           Power      Damage    Failure   Level
 Frozen Ramparts          Ice            0%         1d1       91%         3
 Ignite Poison            Fire/Tmut/Pois 0%         N/A       91%         3
 Petrify                  Tmut/Erth      0%         N/A       100%        4
 Sticky Flame             Conj/Fire      0%         2d3       100%        4
 Metabolic Englaciation   Hex/Ice        0%         N/A       100%        5
 Ignition                 Fire           0%         3d3       100%        8


Dungeon Overview and Level Annotations

Branches:
Dungeon (8/15)            Ossuary (visited)
 Temple: D:4-7         Lair: D:8-11

Altars:
Makhleb
Qazlal
Uskayaw
Xom
Zin

Annotations:
D:8 Erica


Innate Abilities, Weirdness & Mutations

You are agile. (Dex +4, Str/Int -1)
You are frail. (-10% HP)


Message History

No target in view!
You miss something. You completely miss something.
You hear some strange, mumbled words.
Something tries to affect you, but you resist.
You closely miss something. You completely miss something.
Something hits you but does no damage.
You slash something! You hit something. Something hits you.
Something burns you.
You closely miss something. You slice something!!
You completely miss something. Something hits you!
You slash something! You slash something!
You hear some strange, mumbled words.
You are confused.
You bump into the rock wall.
Something hits you! Something burns you.
You feel a strong urge to attack something.
Items here: )) [[.
You are no longer berserk.
You are exhausted.
You feel yourself slow down.
You hear a zap.
An iceblast appears from out of thin air!
The mass of ice explodes!
The iceblast engulfs you.
You hear an angry hiss.
You hear some strange, mumbled words.
A bolt of poison appears from out of thin air!
The bolt of poison hits you.
You are poisoned.
You resist.
You're too confused to move!
You feel less confused.
You feel very sick. Something hits you!
* * * LOW HITPOINT WARNING * * *
Something burns you.
* * * LOW HITPOINT WARNING * * *
Something hits you!
You die...

## ###. +... #
#..###+#'###.
#..<{))......
#..#..@))....###
#./..?.......#
......#.......#
......+.###.....
......### ######
..... #.... ####


There were no monsters in sight!

Vanquished Creatures
  A two-headed ogre (D:8)
  Joseph (D:7)
  Menkaure (Ossuary)
  2 water moccasins
  A black bear (D:6)
  An ice beast (D:6)
  A kobold brigand (D:7)
  2 bullfrogs (D:7)
  4 scorpions
  15 wights
  A howler monkey (D:6)
  A jelly (D:4)
  A hound (D:4)
  A gnoll bouda (D:7)
  Crazy Yiuf (D:3)
  5 iguanas
  An orc wizard (D:3)
  3 mummies (Ossuary)
  Robin (D:3)
  9 adders
  2 gnolls (D:7)
  3 shadow imps
  2 white imps (D:6)
  A dart slug (D:1)
  6 orcs
  9 endoplasms
  4 giant cockroaches
  2 gnoll zombies (Ossuary)
  6 hobgoblins
  14 jackals
  6 kobolds
  3 quokkas
  8 ball pythons
  6 bats
  5 frilled lizards
  4 gnoll skeletons (Ossuary)
  14 goblins
  5 goblin skeletons (Ossuary)
  8 goblin zombies (Ossuary)
  2 hobgoblin skeletons (Ossuary)
  5 hobgoblin zombies (Ossuary)
  4 kobold skeletons (Ossuary)
  4 kobold zombies (Ossuary)
  6 orc skeletons (Ossuary)
  3 orc zombies (Ossuary)
  A quokka zombie (D:4)
  5 rats
  4 rat skeletons (Ossuary)
  4 rat zombies
199 creatures vanquished.

Vanquished Creatures (collateral kills)
  3 wights (D:7)
  3 gnolls (D:7)
6 creatures vanquished.

Grand Total: 205 creatures vanquished

Notes
Turn   | Place    | Note
-------+----------+-------------------------------------------
     0 | D:1      | iamoutofideas the Hill Orc Berserker began the quest for
                  | the Orb.
     0 | D:1      | Reached XP level 1. HP: 19/19 MP: 1/1
   161 | D:1      | Reached XP level 2. HP: 27/27 MP: 2/2
   275 | D:1      | Reached XP level 3. HP: 33/33 MP: 3/3
   275 | D:1      | Reached ** piety under Trog
   743 | D:2      | Reached skill level 5 in Axes
   826 | D:2      | Reached XP level 4. HP: 28/41 MP: 4/4
  1401 | D:2      | Found a shimmering altar of Xom.
  1701 | D:3      | Reached XP level 5. HP: 45/47 MP: 5/5
  1759 | D:3      | Reached *** piety under Trog
  1760 | D:3      | Reached skill level 6 in Axes
  1862 | D:3      | Noticed Robin
  1871 | D:3      | Killed Robin
  2026 | D:3      | Found a runed translucent door.
  2027 | D:3      | Noticed Crazy Yiuf
  2206 | D:3      | Found Zin's Purification Station.
  2209 | D:3      | Found a glowing silver altar of Zin.
  2212 | D:3      | Bought a potion of curing for 90 gold pieces
  2583 | D:3      | Killed Crazy Yiuf
  2686 | D:4      | Found a sand-covered staircase.
  2703 | Ossuary  | Entered an ossuary
  2740 | Ossuary  | Reached XP level 6. HP: 53/53 MP: 6/6
  2765 | Ossuary  | Reached **** piety under Trog
  3046 | Ossuary  | Noticed Menkaure
  3081 | Ossuary  | Killed Menkaure
  3082 | Ossuary  | Reached skill level 5 in Fighting
  3082 | Ossuary  | Reached skill level 7 in Axes
  3311 | D:4      | Reached XP level 7. HP: 61/61 MP: 7/7
  3422 | D:4      | Reached skill level 8 in Axes
  3512 | D:4      | You fall into a shaft and drop 3 floors!
  3566 | D:6      | Gained mutation: You are agile. (Dex +4, Str/Int -1)
                  | [potion of mutation]
  3566 | D:6      | Gained mutation: You are frail. (-10% HP) [potion of
                  | mutation]
  3580 | D:6      | Reached skill level 9 in Axes
  3762 | D:6      | Reached skill level 1 in Stealth
  4006 | D:6      | Reached XP level 8. HP: 43/62 MP: 8/8
  4520 | D:6      | Reached skill level 5 in Armour
  4693 | D:6      | Reached skill level 10 in Axes
  4825 | D:6      | Found a stormy altar of Qazlal.
  4985 | D:6      | Found a burning altar of Makhleb.
  5365 | D:7      | Noticed Joseph
  5383 | D:7      | Killed Joseph
  5384 | D:7      | Reached XP level 9. HP: 35/71 MP: 9/9
  5567 | D:7      | Reached skill level 11 in Axes
  6441 | D:7      | Found a hide-covered altar of Uskayaw.
  6505 | D:8      | Noticed Erica
  6515 | D:8      | Noticed a two-headed ogre
  6517 | D:8      | Reached skill level 12 in Axes
  6525 | D:8      | Killed a two-headed ogre
  6526 | D:8      | Reached XP level 10. HP: 80/80 MP: 10/10
  6541 | D:8      | Slain by Erica

Illustrated notes

Levels and vault maps discovered:
D:1:      matt_arrival_spirals, layout_rooms
D:2:      layout_loops_ring, basic_altar
D:3:      layout_basic, zin_purify, hangedman_decor_points, uniq_robin,
          uniq_crazy_yiuf_cottage
D:4:      layout_basic, lemuel_coloured_pillars_altar, enter_ossuary_4
D:6:      layout_gridville, mainiacjoe_overflow_catwalk_spiral, minmay_holes
D:7:      layout_basic, mainiacjoe_overflow_alcove_4, uniq_menkaure, uniq_joseph
D:8:      layout_basic, mainiacjoe_overflow_24_doors, uniq_psyche, uniq_erica

Skill      XL: |  1  2  3  4  5  6  7  8  9 |
---------------+----------------------------+-----
Fighting       | 4 5 7 8 |  8.3
Dodging        | 2 3 |  3.7
Axes           | 5 6 7 9 10 12 | 12.6
Armour         | 3 4 6 7 |  7.7
Stealth        | 1 |  1.6

Action                     |  1- 3 |  4- 6 |  7- 9 | 10-12 || total
---------------------------+-------+-------+-------+-------++-------
  Melee: Hand axe          |   102 |   302 |   346 |    11 ||   761
         Punch             |       |     6 |     6 |       ||    12
 Invoke: Berserk           |     1 |     5 |    10 |       ||    16
         Trog's Hand       |       |     2 |     2 |       ||     4
         Brothers in Arms  |       |       |     1 |       ||     1
    Use: Scroll            |       |     5 |     4 |       ||     9
         Potion            |       |     3 |     7 |       ||    10
 Armour: Animal skin       |    30 |       |       |       ||    30
         Ring mail         |    25 |   131 |   214 |     8 ||   378
         Skin              |       |       |     2 |       ||     2
  Dodge: Dodged            |    71 |   158 |   166 |       ||   395

Table legend: (Time is in decaauts)
 A = Elapsed time spent in this place.
 B = Non-inter-level travel time spent in this place.
 C = Inter-level travel time spent in this place.
 D = Time resting spent in this place.
 E = Time spent auto-exploring this place.
 F = Levels seen in this place.
 G = Mean time per level.
                   A        B        C        D        E       F      G
               +--------+--------+--------+--------+--------+-----+--------+
         Total |   6610 |   6476 |    134 |   1018 |   4148 |   8 |  826.2 |
       Dungeon |   6054 |   5920 |    134 |   1000 |   3886 |   7 |  864.9 |
       Ossuary |    555 |    555 |      0 |     17 |    262 |   1 |  555.0 |
               +--------+--------+--------+--------+--------+-----+--------+

Top non-repeatable levels by time:
     D:6: 1815 daAuts
     D:7: 1202 daAuts
     D:3: 1177 daAuts
     D:2: 809 daAuts
     D:1: 721 daAuts
 Ossuary: 555 daAuts
     D:4: 307 daAuts
     D:8: 20 daAuts
